 Dungeon Crawl Stone Soup version 0.27-a0-1066-g29160eaed2 (webtiles) character file.

Game seed: 9697307115932325808

16 LordDeathwing the Skirmisher (level 2, 0/27 HPs)
             Began as a Hill Orc Fighter on Apr 24, 2021.
             Was a Follower of Trog.
             Killed by nerve-wracking pain
             ... invoked by Jessica
              (14 damage)
             ... on level 2 of the Dungeon.
             The game lasted 00:02:46 (807 turns).

LordDeathwing the Skirmisher (Hill Orc Fighter)      Turns: 807, Time: 00:02:48

Health: 0/27       AC:  6    Str: 18    XL:     2   Next: 54%
Magic:  2/2        EV:  7    Int:  8    God:    Trog [*.....]
Gold:   18         SH:  9    Dex: 10    Spells: 1/1 levels left

rFire    . . .     SeeInvis .   a - +0 war axe
rCold    . . .     Faith    .   c - +0 kite shield
rNeg     . . .     Spirit   .   b - +0 scale mail
rPois    .         Reflect  .   (no helmet)
rElec    .         Harm     .   f - scarf {+Inv}
rCorr    .         Rampage  .   (no gloves)
Will     .....                  (no boots)
Stlth    ..........             (no amulet)
HPRegen  0.09/turn              (no ring)
MPRegen  0.08/turn              (no ring)

@: no status effects
A: no striking features
a: Renounce Religion, Evoke Invisibility, Berserk


You were on level 2 of the Dungeon.
You worshipped Trog.
Trog was aware of your devotion.
You visited 1 branch of the dungeon, and saw 2 of its levels.

You collected 18 gold pieces.

Inventory:

Hand Weapons
 a - a +0 war axe (weapon)
Armour
 b - a +0 scale mail (worn)
 c - a +0 kite shield (worn)
 f - a scarf of invisibility (worn)
Scrolls
 e - a scroll of identify
 g - a scroll of teleportation
Potions
 d - a potion of might


   Skills:
 + Level 3.8 Fighting
 * Level 3.3 Axes
 + Level 3.4 Armour
 + Level 3.4 Shields


You had one spell level left.
You didn't know any spells.
Your spell library was empty.

Dungeon Overview and Level Annotations

Branches:
Dungeon (2/15)

Altars:
Trog

Annotations:
D:2 Jessica


Message History

You slash the ball python!
You kill the ball python!
Trog accepts your kill.
You see here a ball python corpse.
Done exploring.
Done exploring.
There is a stone staircase leading down here.
You climb downwards.
There is a stone staircase leading up here.
Found a hunting sling.
Jessica the Apprentice Sorceress comes into view.
She is wielding a +0 club.
Jessica shouts!
Jessica mumbles some strange words.
Jessica seems to speed up.
Jessica mumbles some strange words.
Jessica blinks!
You see here a +0 hunting sling.
Jessica points at you and mumbles some strange words.
You resist with some effort.
Jessica casts a spell.
Jessica blinks!
Jessica hits you but does no damage.
You closely miss Jessica. Jessica barely misses you.
Jessica casts a spell.
Jessica blinks!
Jessica drinks a potion.
Jessica seems to grow stronger.
Jessica casts a spell at you. You resist with some effort.
Jessica hits you with a +0 club.
You barely miss Jessica. Jessica hits you but does no damage.
Jessica mumbles some strange words.
Jessica blinks!
Jessica closely misses you.
You see here a +0 hunting sling.
You barely miss Jessica.
Jessica points at you and mumbles some strange words.
Pain shoots through your body!
Jessica points at you and mumbles some strange words.
Pain shoots through your body!
Ouch! That really hurt!
You die...

#.. #<.
#.##############..
#.................
#.# ##########.
#.# #..# #. #.#
#..# #. #.# #..#
#. #.# #..#######.
#@# #..........
#@# #..########
#.# ##.# #.# #.#
#.# #.# #######.#
#.# #.......# #.#
#.####### #.##.###
#.# #......#


You could see Jessica (fast, strong).

Vanquished Creatures
  3 bats (D:1)
  A giant cockroach (D:1)
  2 hobgoblins (D:1)
  2 kobolds (D:1)
  2 ball pythons (D:1)
  3 frilled lizards (D:1)
  A goblin (D:1)
  A rat (D:1)
15 creatures vanquished.

Notes
Turn   | Place    | Note
-------+----------+-------------------------------------------
     0 | D:1      | LordDeathwing the Hill Orc Fighter began the quest for the
                  | Orb.
     0 | D:1      | Reached XP level 1. HP: 19/19 MP: 1/1
    90 | D:1      | Found a faded altar of an unknown god.
    96 | D:1      | Became a worshipper of Trog the Wrathful
    96 | D:1      | Reached * piety under Trog
   235 | D:1      | Reached XP level 2. HP: 25/27 MP: 2/2
   791 | D:2      | Noticed Jessica
   807 | D:2      | Killed from afar by Jessica

Illustrated notes

Levels and vault maps discovered:
D:1:      dpeg_arrival_arbitrary_b, layout_basic, basic_ecumenical_altar
D:2:      layout_basic, uniq_jessica

Skill      XL: |  1 |
---------------+----+-----
Axes           | 3 |  3.3
Fighting       | |  3.8
Armour         | |  3.4
Shields        | |  3.4

Action                   || total
-------------------------++-------
Melee: War axe           ||    44
  Use: Scroll            ||     1
Armor: Scale mail        ||    25
Dodge: Dodged            ||    31
Block: Kite shield       ||    38

Table legend: (Time is in decaauts)
 A = Elapsed time spent in this place.
 B = Non-inter-level travel time spent in this place.
 C = Inter-level travel time spent in this place.
 D = Time resting spent in this place.
 E = Time spent auto-exploring this place.
 F = Levels seen in this place.
 G = Mean time per level.
                   A        B        C        D        E       F      G
               +--------+--------+--------+--------+--------+-----+--------+
         Total |    832 |    832 |      0 |      0 |    603 |   2 |  416.0 |
       Dungeon |    832 |    832 |      0 |      0 |    603 |   2 |  416.0 |
               +--------+--------+--------+--------+--------+-----+--------+

Top non-repeatable levels by time:
     D:1: 750 daAuts
     D:2: 81 daAuts
